 Dungeon Sprint DCSS version 0.28.0-49-g6dfe1f597d (webtiles) character file.

Game seed: 1001898513220463132

1529 Revguard the Fighter (level 8, -1/133 HPs)
             Began as an Ogre Fire Elementalist on May 16, 2022.
             Was a Believer of Uskayaw.
             Slain by a scorpion (6 damage)
             ... in the Dungeon (Sprint V: "Ziggurat Sprint").
             The game lasted 00:06:26 (807 turns).

Revguard the Fighter (Ogre Fire Elementalist)        Turns: 807, Time: 00:06:26

Health: -1/133     AC: 20    Str: 21    XL:     8   Next: 85%
Magic:  16/19      EV:  2    Int: 16    God:    Uskayaw [**....]
Gold:   0          SH:  0    Dex: 11    Spells: 20/21 levels left

rFire   + + +      SeeInvis .   D - +7 great mace "Firestarter" {inner flame, rF++}
rCold   + . .      Faith    .   (shield currently unavailable)
rNeg    . . .      Spirit   .   h - +5 gold dragon scales
rPois   +          Reflect  .   (helmet restricted)
rElec   +          Harm     .   (no cloak)
rCorr   .          Rampage  .   (gloves unavailable)
Will    +....      NoTele   +   (boots unavailable)
Stlth   ..........              G - amulet of the Shining Light {Acrobat Dex+2}
HPRegen 0.32/turn               A - +6 ring of strength
MPRegen 0.16/turn               F - ring "Roiwanup" {rElec rPois rF+ Will+}

@: berserking, lethally poisoned (-1 -> -9), very quick
A: large, unfitting armour, tough skin 1
a: Renounce Religion, Stomp, Line Pass


You were in the Dungeon.
You worshipped Uskayaw.
Uskayaw was noncommittal.
You visited 1 branch

Inventory:

Hand Weapons
 D - the +7 great mace "Firestarter" (weapon) {inner flame, rF++}
   (You found it in the Dungeon)

   It burns those it strikes, dealing additional fire damage.
   It fills those it strikes with an explosive inner flame.
   It grants immunity to clouds of flame.
   rF:        It greatly protects you from fire.
Armour
 a - a +0 robe
 h - +5 gold dragon scales (worn)
Jewellery
 q - a ring of fire
 v - a ring of flight
 w - a +6 ring of dexterity
 x - a +6 ring of dexterity
 y - a +6 ring of intelligence
 z - a +6 ring of intelligence
 A - a +6 ring of strength (left hand)
 B - a +6 ring of strength
 F - the ring "Roiwanup" (right hand) {rElec rPois rF+ Will+}
   (You found it in the Dungeon)

   [ring of poison resistance]

   rF:        It protects you from fire.
   rElec:     It insulates you from electricity.
   rPois:     It protects you from poison.
   Will:      It increases your willpower.
 G - the amulet of the Shining Light (around neck) {Acrobat Dex+2}
   (You found it in the Dungeon)

   [amulet of the acrobat]

   It increases your evasion while moving and waiting.
   Dex:       It affects your dexterity (+2).
Wands
 s - a wand of mindburst (7)
 t - a wand of iceblast (7)
 u - a wand of acid (7)
Scrolls
 g - 4 scrolls of blinking
 i - 4 scrolls of amnesia
 j - 10 scrolls of fog
 k - a scroll of holy word
 l - 5 scrolls of identify
 m - 2 scrolls of fear
Potions
 b - 10 potions of curing
 c - 13 potions of heal wounds
 d - 6 potions of haste
 e - 7 potions of magic
 f - 2 potions of berserk rage
 n - 2 potions of brilliance
 o - 2 potions of invisibility
 p - 4 potions of resistance
 r - 5 potions of might
Miscellaneous
 C - a lightning rod (4/4)
 E - a tin of tremorstones (2/2)


   Skills:
 + Level 8.3 Fighting
 + Level 5.6 Maces & Flails
 + Level 5.1 Armour
 + Level 6.1 Dodging
 - Level 1.4 Stealth
 + Level 7.4 Spellcasting
 + Level 5.8 Conjurations
 - Level 1.5 Hexes
 - Level 1.6 Transmutations
 + Level 6.4 Fire Magic
 - Level 1.5 Ice Magic
 + Level 6.8 Invocations
 + Level 5.2 Evocations


You had 20 spell levels left.
You knew the following spells:

 Your Spells              Type           Power      Damage    Failure   Level
a - Foxfire               Conj/Fire      100%       2x1d9     83%         1

Your spell library contained the following spells:

 Spells                   Type           Power      Damage    Failure   Level
 Scorch                   Fire           52%        2d7       90%         2
 Conjure Flame            Conj/Fire      25%        6-21      99%         3
 Inner Flame              Hex/Fire       18%        N/A       100%        3
 Flame Wave               Conj/Fire      25%        2d7       100%        4
 Summon Forest            Summ/Tloc      2%         N/A       100%        5
 Summon Mana Viper        Hex/Summ       8%         N/A       100%        5
 Summon Cactus Giant      Summ           2%         N/A       100%        6


Dungeon Overview and Level Annotations

Branches:
Dungeon (1/1)

Altars:
Ashenzari
Cheibriados
Dithmenos
Elyvilon
Fedhas
Gozag
Hepliaklqana
Kikubaaqudgha
Makhleb
Nemelex Xobeh
Okawaru
Qazlal
Ru
Sif Muna
Trog
Uskayaw
Vehumet
Wu Jian
Xom
Yredelemnul
Zin
The Shining One
Beogh
Jiyva
Lugonu

Annotations:
D 1 transporter


Innate Abilities, Weirdness & Mutations

You are too large for most types of armour.
You have tough skin. (AC +1)


Message History

* * * LOW HITPOINT WARNING * * *
The redback bites you but does no damage.
The scorpion stings you but does no damage.
The wolf spider hits you.
* * * LOW HITPOINT WARNING * * *
The wolf spider barely misses you.
The wolf spider hits you but does no damage.
The wolf spider bites you but does no damage.
You can now pass through a line of other dancers.
You feel much better. The redback completely misses you.
The wolf spider hits you but does no damage.
The wolf spider bites you! The wolf spider hits you.
The wolf spider bites you but does no damage.
The scorpion stings you but does no damage.
A red film seems to cover your vision as you go berserk!
You feel yourself moving faster!
You feel mighty!
The redback bites you but does no damage.
The wolf spider hits you!
* * * LOW HITPOINT WARNING * * *
The wolf spider bites you but does no damage.
The wolf spider hits you.
* * * LOW HITPOINT WARNING * * *
The wolf spider bites you but does no damage.
The scorpion stings you.
* * * LOW HITPOINT WARNING * * *
You are poisoned.
The scorpion poisons you!
The redback bites you but does no damage.
The wolf spider hits you!
* * * LOW HITPOINT WARNING * * *
The wolf spider bites you!
* * * LOW HITPOINT WARNING * * *
The wolf spider hits you but does no damage.
The wolf spider bites you but does no damage.
You closely miss the wolf spider.
The wolf spider is lightly wounded.
* * * LOW HITPOINT WARNING * * *
You feel very sick. The scorpion stings you.
You die...

▓▓▓▓▓▓▓▓▓▓▓▓▓▓▓▓▓▓▓
▓..8©8..▓ ▓..[|)..▓
▓..[)[..▓ ▓.......▓
▓.......▓ ▓...s...▓
▓..sss..▓ ▓.▓s@.▓.▓
▓...©...▓ ▓▓▓▓▓▓▓▓▓


You could see 2 wolf spiders, 2 redbacks and a scorpion.

Vanquished Creatures
  2 slime creatures (D)
  A jumping spider (D)
  A fire elemental (D)
  A golden eye (D)
  2 floating eyes (D)
  2 black bears (D)
  2 necrophages (D)
  2 wolves (D)
  An orc wizard (D)
  An orc (D)
  A ball python zombie (D)
  A fire vortex (D)
17 creatures vanquished.

Vanquished Creatures (others)
  2 fire vortices (D)
2 creatures vanquished.

Grand Total: 19 creatures vanquished

Notes
Turn   | Place    | Note
-------+----------+-------------------------------------------
     0 | D        | Revguard the Ogre Fire Elementalist began the quest for the
                  | Orb.
     0 | D        | Reached XP level 1. HP: 16/16 MP: 3/3
     4 | D        | Found a blossoming altar of Fedhas.
     4 | D        | Found the +6 Majin-Bo {vamp, MP+6 Int+6}
     4 | D        | Found the +9 heavy crossbow "Sniper" {vorpal, Acc+∞ SInv}
     4 | D        | Found the +10 dark maul {vorpal}
     4 | D        | Found the +15 Maxwell's patent armour {-Cast -Tele rElec
                  | Will+ rCorr}
     4 | D        | Found the +18 shield of the Gong {rElec rN+ Will+ EV-5}
     4 | D        | Found the +14 obsidian axe {vorpal, Mesm Drain Fly SInv}
     4 | D        | Found the +7 great mace "Firestarter" {inner flame, rF++}
     4 | D        | Found the +6 shillelagh "Devastator" {shatter}
     4 | D        | Found the +11 plutonium sword {Contam Stlth-}
     4 | D        | Found the +8 lance "Wyrmbane" {slay drac, rPois rF+ rC+
                  | AC+3}
     4 | D        | Found the +9 sword of Zonguldrok {reap}
     4 | D        | Found the +13 scythe of Curses {drain, Drain}
     4 | D        | Found the +5 sword of Power {vorpal}
     4 | D        | Found the +7 mace of Variability {chain chaos}
     4 | D        | Found the +7 Singing Sword {vorpal, sonic wave}
     4 | D        | Found the +8 storm bow {elec, penet}
    15 | D        | Found a viscous altar of Jiyva.
    15 | D        | Found a transporter.
    15 | D        | Found a hazy altar of Hepliaklqana.
    15 | D        | Found an ancient bone altar of Kikubaaqudgha.
    15 | D        | Found an opulent altar of Gozag.
    15 | D        | Found a corrupted altar of Lugonu.
    16 | D        | Found a burning altar of Makhleb.
    17 | D        | Found a sacrificial altar of Ru.
    17 | D        | Found a shimmering blue altar of Sif Muna.
    17 | D        | Found a stormy altar of Qazlal.
    17 | D        | Found a bloodstained altar of Trog.
    17 | D        | Found an iron altar of Okawaru.
    17 | D        | Found a sparkling altar of Nemelex Xobeh.
    53 | D        | Reached skill level 2 in Fighting
    53 | D        | Reached skill level 1 in Maces & Flails
    53 | D        | Reached skill level 1 in Armour
    53 | D        | Reached skill level 1 in Conjurations
    53 | D        | Reached skill level 1 in Hexes
    53 | D        | Reached skill level 1 in Transmutations
    53 | D        | Reached skill level 1 in Ice Magic
    53 | D        | Reached skill level 1 in Invocations
    53 | D        | Reached skill level 1 in Evocations
    53 | D        | Reached XP level 2. HP: 29/29 MP: 4/6
   115 | D        | Became a worshipper of Uskayaw the Reveller
   128 | D        | Entered arena 2.
   128 | D        | Found a transporter.
   132 | D        | Reached * piety under Uskayaw
   142 | D        | Reached skill level 3 in Fighting
   142 | D        | Reached XP level 3. HP: 31/37 MP: 8/8
   156 | D        | Entered arena 3.
   156 | D        | Noticed a necrophage
   156 | D        | Noticed a necrophage
   156 | D        | Found a transporter.
   160 | D        | Killed a necrophage
   160 | D        | Killed a necrophage
   160 | D        | Reached ** piety under Uskayaw
   161 | D        | Reached skill level 5 in Fighting
   161 | D        | Reached XP level 4. HP: 37/50 MP: 8/10
   161 | D        | Reached XP level 5. HP: 42/57 MP: 9/12
   237 | D        | Entered arena 4.
   237 | D        | Found the +3 sling "Punk" {acid, rCorr}
   237 | D        | Noticed a black bear
   237 | D        | Noticed a wolf
   237 | D        | Noticed a black bear
   237 | D        | Noticed a wolf
   237 | D        | Found a transporter.
   242 | D        | Killed a wolf
   242 | D        | Killed a black bear
   242 | D        | Killed a black bear
   242 | D        | Killed a wolf
   242 | D        | Reached *** piety under Uskayaw
   243 | D        | Reached skill level 6 in Fighting
   243 | D        | Reached skill level 5 in Fire Magic
   243 | D        | Reached skill level 5 in Invocations
   243 | D        | Reached XP level 6. HP: 14/68 MP: 13/15
   243 | D        | Reached XP level 7. HP: 15/76 MP: 13/16
   524 | D        | Entered arena 5.
   524 | D        | Noticed a fire elemental
   524 | D        | Found a transporter.
   531 | D        | Killed a fire elemental
   532 | D        | Reached skill level 7 in Fighting
   532 | D        | Reached skill level 5 in Dodging
   547 | D        | Got the ring "Roiwanup" {rElec rPois rF+ Will+}
   651 | D        | Entered arena 6.
   651 | D        | Noticed a slime creature
   651 | D        | Noticed a slime creature
   651 | D        | Noticed a golden eye
   651 | D        | Found a transporter.
   652 | D        | Paralysed by a floating eye for 2 turns
   655 | D        | Killed a golden eye
   656 | D        | Reached skill level 5 in Maces & Flails
   656 | D        | Reached skill level 5 in Conjurations
   656 | D        | Reached XP level 8. HP: 67/87 MP: 16/18
   656 | D        | Killed a slime creature
   658 | D        | Killed a slime creature
   658 | D        | Reached **** piety under Uskayaw
   659 | D        | Reached skill level 8 in Fighting
   659 | D        | Reached skill level 5 in Evocations
   663 | D        | Got the amulet of the Shining Light {Acrobat Dex+2}
   799 | D        | Entered arena 7.
   799 | D        | Noticed a wolf spider
   799 | D        | Noticed a wolf spider
   799 | D        | Noticed a jumping spider
   800 | D        | Found a transporter.
   801 | D        | Killed a jumping spider
   802 | D        | Reached skill level 5 in Armour
   807 | D        | HP: 5/133 [poisoned by a scorpion]
   807 | D        | Slain by a scorpion

Illustrated notes

Levels and vault maps discovered:
D:        sprint_v [room_start, room_1, room_2, room_3, room_4, room_5, room_6,
          room_7, room_8, room_9, room_10, room_11, room_12, room_13, room_14,
          room_15, room_16, room_17, room_18, room_19, room_20, room_21,
          room_22, room_23, room_24, room_25, room_26, room_27]

Skill      XL: |  1  2  3  4  5  6  7  8 |
---------------+-------------------------+-----
Fighting       | 2 3 5 6 7 8 |  8.3
Maces & Flails | 1 3 4 5 |  5.6
Armour         | 1 2 3 4 5 |  5.1
Dodging        | 2 3 4 5 6 |  6.1
Spellcasting   | 3 4 6 7 |  7.4
Conjurations   | 1 2 3 4 5 |  5.8
Hexes          | 1 |  1.5
Transmutations | 1 |  1.6
Fire Magic     | 3 4 5 6 |  6.4
Ice Magic      | 1 |  1.5
Invocations    | 1 2 3 5 6 |  6.8
Evocations     | 1 3 4 5 |  5.2
Stealth        | |  1.4

Action                   |  1- 3 |  4- 6 |  7- 9 || total
-------------------------+-------+-------+-------++-------
Melee: Great mace        |    13 |     4 |    19 ||    36
Invok: Stomp             |       |       |     1 ||     1
  Use: Potion            |     1 |       |     2 ||     3
 Stab: Paralysed         |       |       |     1 ||     1
Armor: Gold dragon scale |    19 |    19 |    38 ||    76
Dodge: Dodged            |     1 |     1 |     5 ||     7
